 Dungeon Crawl Stone Soup version 0.22.1-2-g9c5b331383 (webtiles) character file.

1315 Marnok the Slasher (level 8, -5/62 HPs)
             Began as a Human Fighter on Nov 21, 2018.
             Was a Believer of Wu Jian.
             Killed by divine providence
             ... invoked by an orc priest
              (15 damage)
             ... on level 7 of the Dungeon.
             The game lasted 00:58:30 (6622 turns).

Marnok the Slasher (Human Fighter)                  Turns: 6622, Time: 00:58:31

Health: -5/62      AC:  7    Str: 16 (18) XL:     8   Next: 89%
Magic:  8/8        EV: 10    Int:  8      God:    Wu Jian [**....]
Gold:   306        SH: 14    Dex: 12 (14) Spells: 7/7 levels left

rFire    . . .     SeeInvis .   y - +1 hunting sling
rCold    . . .     Gourm    .   c - +0 shield
rNeg     . . .     Faith    .   d - +2 troll leather armour {Purgy}
rPois    .         Spirit   .   (no helmet)
rElec    .         Reflect  +   (no cloak)
rCorr    .         Harm     .   (no gloves)
MR       .....                  (no boots)
Stlth    +.........             E - +5 amulet of reflection
HPRegen  0.60/turn              (no ring)
MPRegen  0.11/turn              (no ring)

@: no status effects
A: rugged brown scales 1
a: Wall Jump, Renounce Religion


You were on level 7 of the Dungeon.
You worshipped Wu Jian.
Wu Jian was pleased with you.
You were not hungry.

You visited 1 branch of the dungeon, and saw 8 of its levels.
You also visited: Sewer.

You collected 306 gold pieces.

Inventory:

Hand Weapons
 a - a +0 long sword
 b - a +0 war axe
 g - a cursed -3 mace
 r - a +1 hand axe of flaming
 w - a +0 blowgun
 y - a +1 hunting sling (weapon)
 z - a +1 whip of venom
 A - a +0 halberd
 B - a +0 war axe
 C - a +0 hand crossbow
 J - a +0 blowgun
 M - a +1 halberd of protection
Missiles
 h - 216 stones (quivered)
 m - 67 bolts
 p - 64 sling bullets
 v - 5 curare-tipped needles
 G - 47 poisoned needles
 I - 59 arrows
Armour
 c - a +0 shield (worn)
 d - a +2 troll leather armour (worn) {Purgy}
 t - a +2 ring mail of cold resistance
 u - a +0 chain mail
Jewellery
 E - a +5 amulet of reflection (around neck)
Wands
 k - a wand of digging (13)
 q - a wand of acid (9)
Scrolls
 i - a scroll of teleportation
 n - a scroll of magic mapping
 o - a scroll of identify
 s - 3 scrolls of remove curse
 x - a scroll of enchant weapon
 F - a scroll of noise {unknown}
Potions
 j - a potion of mutation
 D - 4 potions of curing
Comestibles
 f - 6 rations


   Skills:
 + Level 4.8 Fighting
 + Level 6.6 Long Blades
 + Level 5.0 Armour
 + Level 3.0 Dodging
 + Level 0.9 Stealth
 + Level 5.3 Shields


You had 7 spell levels left.
You didn't know any spells.
Your spell library was empty.

Dungeon Overview and Level Annotations

Branches:
Dungeon (8/15)             Temple (0/1) D:4
   Lair: D:8-11

Altars:
Elyvilon
Makhleb
Okawaru
Trog
Wu Jian
Xom
The Shining One

Shops:
D:5 [

Annotations:
D:3 Pepega's ghost, amateur GrFi


Innate Abilities, Weirdness & Mutations

You are partially covered in rugged brown scales. (AC +1, +3% HP)


Message History

Firing (i - inventory. (/) - cycle)
h - 219 stones (quivered)
Press: ? - help, Shift-Dir - straight line, f - orc priest
Aim: an orc priest, wielding a whip (fleeing)
You shoot a stone.
The stone closely misses the orc priest.
Firing (i - inventory. (/) - cycle)
h - 218 stones (quivered)
Press: ? - help, Shift-Dir - straight line, f/p - orc priest
Aim: an orc priest, wielding a whip (fleeing)
You shoot a stone. The stone barely misses the orc priest.
Cornered, the orc priest turns to fight!
The orc priest mumbles some strange prayers to Beogh against you.
Beogh smites you!
* * * LOW HITPOINT WARNING * * *
Firing (i - inventory. (/) - cycle)
h - 217 stones (quivered)
Press: ? - help, Shift-Dir - straight line, f/p - orc priest
Aim: an orc priest, wielding a whip You shoot a stone.
The stone barely misses the orc priest.
The orc priest calls down the wrath of Beogh upon you.
Beogh smites you!
You die...

### ############o# #.........@..#
#.##########.# #.#### #.#
#....#######.### ###
####...........# #..
###############......#######.####
..........................$......
#########............#.........O.
##### #............#...........


You could see an orc priest.

Vanquished Creatures
  A hungry ghost (D:7)
  Purgy (Sewer)
  2 phantoms
  A bullfrog (D:7)
  A scorpion (D:5)
  3 howler monkeys
  A crimson imp (D:6)
  A gnoll shaman (D:6)
  3 hounds
  An orc priest (D:6)
  An iguana (D:7)
  4 worker ants
  2 worker ant zombies
  7 gnolls
  18 adders
  An adder zombie (D:5)
  An adder skeleton (D:5)
  3 worms
  A dart slug (D:1)
  A leopard gecko (D:5)
  19 orcs
  6 giant cockroaches
  5 hobgoblins
  8 jackals
  12 kobolds
  2 quokkas (D:2)
  5 bats
  4 frilled lizards
  5 goblins
  4 rats
124 creatures vanquished.

Notes
Turn   | Place    | Note
-------+----------+-------------------------------------------
     0 | D:1      | Marnok the Human Fighter began the quest for the Orb.
     0 | D:1      | Reached XP level 1. HP: 18/18 MP: 1/1
   226 | D:1      | Reached XP level 2. HP: 23/24 MP: 2/2
   475 | D:2      | Reached XP level 3. HP: 7/29 MP: 3/3
   915 | D:2      | Reached XP level 4. HP: 21/35 MP: 4/4
  1399 | D:1      | Reached skill level 3 in Long Blades
  1677 | D:2      | Found an ornate altar of the Wu Jian Council.
  1684 | D:2      | Became a worshipper of the Wu Jian Council
  1958 | D:3      | Reached XP level 5. HP: 33/41 MP: 5/5
  2084 | D:4      | Found a glowing drain.
  2102 | Sewer    | Entered a sewer
  2260 | Sewer    | Noticed Purgy
  2279 | Sewer    | Gained mutation: You are weak. (Str -2) [potion of
                  | mutation]
  2279 | Sewer    | Gained mutation: You are partially covered in rugged brown
                  | scales. (AC +1, +3% HP) [potion of mutation]
  2279 | Sewer    | Lost mutation: You are weak. (Str -2) [potion of mutation]
  2282 | Sewer    | Killed Purgy
  2282 | Sewer    | Reached skill level 1 in Dodging
  2282 | Sewer    | Reached XP level 6. HP: 13/49 MP: 6/6
  2624 | D:4      | Noticed a phantom
  2697 | D:4      | Killed a phantom
  2777 | D:4      | Reached skill level 4 in Long Blades
  2827 | D:5      | Entered Level 5 of the Dungeon
  2895 | D:3      | Reached * piety under Wu Jian
  2911 | D:3      | Noticed Pepega's ghost (amateur GrFi)
  3146 | D:4      | Reached XP level 7. HP: 51/54 MP: 7/7
  3667 | D:5      | Found Qemidd's Armour Emporium.
  3811 | D:5      | Found a burning altar of Makhleb.
  4367 | D:6      | Reached skill level 5 in Long Blades
  4383 | D:6      | Reached XP level 8. HP: 26/61 MP: 8/8
  4543 | D:6      | Found an iron altar of Okawaru.
  4568 | D:6      | Found a white marble altar of Elyvilon.
  4596 | D:6      | Found a glowing golden altar of the Shining One.
  4596 | D:6      | Found a bloodstained altar of Trog.
  4852 | D:6      | Reached ** piety under Wu Jian
  5029 | D:6      | Reached skill level 5 in Shields
  6043 | D:7      | Found a shimmering altar of Xom.
  6071 | D:7      | Reached skill level 6 in Long Blades
  6071 | D:7      | Reached skill level 5 in Armour
  6622 | D:7      | Killed from afar by an orc priest

Skill      XL: |  1  2  3  4  5  6  7  8 |
---------------+-------------------------+-----
Long Blades    | 3 4 5 6 |  6.6
Armour         | 4 5 |  5.0
Dodging        | 1 3 |  3.0
Shields        | 4 5 |  5.3
Fighting       | 4 |  4.8
Stealth        | |  0.9

Action                   |  1- 3 |  4- 6 |  7- 9 || total
-------------------------+-------+-------+-------++-------
Melee: Long sword        |    89 |   240 |   424 ||   753
 Fire: Hunting sling     |       |       |     3 ||     3
Invok: Lunge             |       |     7 |    11 ||    18
       Whirlwind         |       |       |    17 ||    17
       Wall Jump         |       |       |     7 ||     7
  Use: Potion            |     3 |     3 |     4 ||    10
       Scroll            |       |     8 |    10 ||    18
  Eat: Chunk             |       |     5 |     6 ||    11
       Ration            |       |     1 |     4 ||     5
Armor: Scale mail        |    47 |    48 |       ||    95
       Skin              |     4 |       |       ||     4
       Ring mail         |       |    31 |       ||    31
       Troll leather arm |       |    14 |    76 ||    90
Dodge: Dodged            |    35 |    81 |   137 ||   253
Block: Shield            |    54 |   136 |   207 ||   397
       Rpst.: Long sword |    12 |    26 |    51 ||    89
